 Dungeon Crawl Stone Soup version 0.29-a0-22-gbf593b16ee (webtiles) character file.

Game seed: 7302250870494953832

17082 soggyman666 the Cleaver (level 12, -4/113 HPs)
             Began as a Hill Orc Fighter on Jan 30, 2022.
             Was a Priest of Ashenzari.
             Slain by a white ugly thing (29 damage)
             ... on level 9 of the Dungeon.
             The game lasted 00:45:39 (14726 turns).

soggyman666 the Cleaver (Hill Orc Fighter)         Turns: 14726, Time: 00:45:39

Health: -4/113     AC: 14    Str: 24    XL:     12   Next: 44%
Magic:  12/12      EV: 13    Int:  8    God:    Ashenzari [***...]
Gold:   372        SH:  6    Dex: 10    Spells: 11/11 levels left

rFire   . . .      SeeInvis +   b - +4 mace (venom)
rCold   . . .      Faith    .   c - +1 buckler "Jealousy of the Sphere" {Alch, Cun} (curse)
rNeg    + . .      Spirit   .   o - +2 steam dragon scales
rPois   .          Reflect  .   u - +1 hat of Ashenzari's Orthodoxy {Melee, Elem} (curse)
rElec   .          Harm     .   (no cloak)
rCorr   .          Rampage  .   m - +0 pair of gloves "Urgency of Ashenzari" {Self, Range} (curse)
Will    .....      Clarity  +   (no boots)
Stlth   +++.......              (no amulet)
HPRegen 0.28/turn               i - ring of Supernal Wisdom {rN+, Alch, Self} (curse)
MPRegen 0.13/turn               n - ring "Eternal Fetters" {AC+4, Comp, Range} (curse)

@: no status effects
A: no striking features
a: Renounce Religion, Curse Item, Shatter the Chains


You were on level 9 of the Dungeon.
You worshipped Ashenzari.
Ashenzari was most pleased with you.
You visited 1 branch of the dungeon, and saw 9 of its levels.
You also visited: Sewer.

You collected 554 gold pieces.
You spent 182 gold pieces at shops.

Inventory:

Hand Weapons
 a - a +0 war axe
 b - a +4 mace of venom (weapon)
 s - a +0 antimagic broad axe
 C - a +3 vampiric war axe
Missiles
 e - 140 bolts
 y - 19 poisoned darts (quivered)
 z - a curare-tipped dart
 D - 2 atropa-tipped darts
Armour
 c - the cursed +1 buckler "Jealousy of the Sphere" (worn) {Alch, Cun}

   It has a curse which improves the following skills: Alchemy: Poison Magic and
   Transmutations.
   Cunning:   Dodging and Stealth.
 m - the cursed +0 pair of gloves "Urgency of Ashenzari" (worn) {Self, Range}
   (You found it on level 4 of the Dungeon)

   It has a curse which improves the following skills: Introspection: Fighting
   and Spellcasting.
   Ranged Combat: Slings, Bows, Crossbows and Throwing.
 o - +2 steam dragon scales (worn)
 u - the cursed +1 hat of Ashenzari's Orthodoxy (worn) {Melee, Elem}
   (You found it on level 4 of the Dungeon)

   It has a curse which improves the following skills: Melee Combat: Short
   Blades, Long Blades, Axes, Maces & Flails, Polearms, Staves and Unarmed
   Combat.
   Elements:  Fire Magic, Ice Magic, Air Magic and Earth Magic.
 x - a +0 ring mail of fire resistance
 E - a +1 chain mail of fire resistance
Jewellery
 g - a ring of magical power
 i - the cursed ring of Supernal Wisdom (left hand) {rN+, Alch, Self}
   (You found it on level 2 of the Dungeon)

   [ring of positive energy]

   rN:        It protects you from negative energy.
   It has a curse which improves the following skills: Alchemy: Poison Magic and
   Transmutations.
   Introspection: Fighting and Spellcasting.
 n - the cursed ring "Eternal Fetters" (right hand) {AC+4, Comp, Range}
   (You found it on level 3 of the Dungeon)

   [ring of protection]

   AC:        It affects your AC (+4).
   It has a curse which improves the following skills: Companions: Summonings
   and Necromancy.
   Ranged Combat: Slings, Bows, Crossbows and Throwing.
Wands
 q - a wand of paralysis (1)
 w - a wand of polymorph (5)
 G - a wand of iceblast (6)
Scrolls
 d - 3 scrolls of fear
 h - 2 scrolls of blinking
 l - 4 scrolls of magic mapping
 p - a scroll of brand weapon
 r - 3 scrolls of holy word
 v - 2 scrolls of teleportation
 A - a scroll of fog
 B - a scroll of identify
Potions
 f - 2 potions of flight
 j - a potion of curing
 k - a potion of heal wounds
 t - 3 potions of might
 F - a potion of cancellation
 H - a potion of magic


   Skills:
 + Level 10.0(12.4) Fighting
 - Level 14.5(16.3) Axes
 + Level 4.5(10.0) Maces & Flails
 + Level 0.2(0.8) Throwing
 * Level 7.1 Armour
 + Level 5.6(7.2) Dodging
 + Level 4.2(5.7) Stealth
 + Level 7.3 Shields
 * Level 8.1 Evocations


You had 11 spell levels left.
You didn't know any spells.
Your spell library contained the following spells:

 Spells                   Type           Power      Damage    Failure   Level
 Pain                     Necr           0%         1d4       43%         1
 Frozen Ramparts          Ice            0%         1d2       82%         3
 Inner Flame              Hex/Fire       0%         N/A       83%         3
 Portal Projectile        Hex/Tloc       0%         N/A       85%         3
 Cause Fear               Hex            0%         N/A       99%         4
 Hailstorm                Conj/Ice       0%         3d3       99%         4
 Ice Form                 Ice/Tmut       0%         N/A       99%         4
 Petrify                  Tmut/Erth      0%         N/A       99%         4
 Summon Ice Beast         Ice/Summ       0%         N/A       99%         4
 Agony                    Necr           0%         N/A       100%        5
 Blade Hands              Tmut           0%         N/A       100%        5
 Excruciating Wounds      Necr           0%         N/A       100%        5
 Metabolic Englaciation   Hex/Ice        0%         N/A       100%        5
 Simulacrum               Ice/Necr       0%         N/A       100%        6
 Statue Form              Tmut/Erth      0%         N/A       100%        6
 Discord                  Hex            0%         N/A       100%        8


Dungeon Overview and Level Annotations

Branches:
Dungeon (9/15)             Temple (0/1) D:6             Orc (0/2) D:9
  Sewer (visited)
   Lair: D:8-11

Altars:
Ashenzari
Cheibriados
Dithmenos
Elyvilon
Fedhas
Gozag
Hepliaklqana
Kikubaaqudgha
Nemelex Xobeh
Ru
Trog
Uskayaw
Wu Jian
Xom

Shops:
D:8 *   D:9 ?


Message History

You block the white ugly thing's attack.
You hit the white ugly thing.
The white ugly thing looks as sick as possible!
The white ugly thing is moderately wounded.
You block the white ugly thing's attack.
You sock the white ugly thing!
The white ugly thing looks as sick as possible!
The white ugly thing is heavily wounded.
You block the white ugly thing's attack.
You barely miss the white ugly thing.
The white ugly thing is heavily wounded.
The white ugly thing stings you. The white ugly thing freezes you!!
* * * LOW HITPOINT WARNING * * *
You are too injured to fight recklessly!
You are too injured to fight recklessly!
You are too injured to fight recklessly!
You hit the white ugly thing.
The white ugly thing looks as sick as possible!
The white ugly thing is heavily wounded.
The white ugly thing closely misses you.
You barely miss the white ugly thing.
The white ugly thing is heavily wounded.
The white ugly thing misses you.
You sock the white ugly thing!
The white ugly thing looks as sick as possible!
The white ugly thing is severely wounded.
The white ugly thing barely misses you.
You hit the white ugly thing but do no damage.
The white ugly thing looks as sick as possible!
The white ugly thing is severely wounded.
The white ugly thing stings you but does no damage.
You hit the white ugly thing.
The white ugly thing looks as sick as possible!
The white ugly thing is severely wounded.
You barely miss the white ugly thing.
The white ugly thing is severely wounded.
The white ugly thing stings you.
* * * LOW HITPOINT WARNING * * *
The white ugly thing freezes you!!
You die...

#.### , ##..⌠..
#.#∆ , #.....
#.#..,, * ##.).#
#.#.. , #...#
#.#.. * ###'##
#.#'### ##.....
#.#...### ##......
#.#.....###.......
#@#{..!...#....)..
#.u[..⌠...#....⌠..
###[......#.......
#....(###.......
#...### ##......
###### ##.....
#....# ###'##
#....### #.).#
#......# ##...#


You could see a white ugly thing (extremely poisoned).

Vanquished Creatures
  A stone giant (D:9)
  A hydra (D:9)
  3 boulder beetles
  4 centaur warriors (D:9)
  2 two-headed ogres
  A wizard (D:9)
  A deep elf pyromancer (D:9)
  2 manticores (D:9)
  A cyclops (D:9)
  A gargoyle (D:9)
  Maggie (D:6)
  A kobold demonologist (D:7)
  3 trolls
  A meliai (D:9)
  A spriggan (shapeshifter) (D:8)
  A wyvern (D:9)
  A steam dragon (D:8)
  Menkaure (D:7)
  2 water moccasins
  5 orc warriors
  A sky beast (D:5)
  2 black bears
  2 necrophages
  An ice beast (D:6)
  2 ogres
  5 centaurs
  3 phantoms
  4 kobold brigands
  4 bullfrogs
  A gnoll sergeant (D:9)
  2 scorpions
  2 water moccasin zombies
  A wyvern zombie (D:6)
  22 wights
  16 killer bees
  A vampire bat (D:6)
  7 howler monkeys
  A bullfrog zombie (D:3)
  5 centaur zombies
  4 hounds
  2 jellies
  Crazy Yiuf (D:3)
  A bullfrog skeleton (D:5)
  4 orc priests
  2 gnoll shamans
  Jessica (D:3)
  3 iguanas
  Natasha (thrice) (D:3)
  Terence (D:3)
  9 orc wizards
  2 hound skeletons (D:4)
  A howler monkey skeleton (D:6)
  9 gnolls
  13 adders
  3 white imps
  A worm (D:4)
  A dart slug (D:1)
  31 orcs
  11 bats
  6 endoplasms
  14 giant cockroaches
  6 goblins
  7 hobgoblins
  4 jackals
  11 kobolds
  3 quokkas
  7 ball pythons
  4 frilled lizards
  6 rats
287 creatures vanquished.

Vanquished Creatures (others)
  A fungus (D:3)
1 creature vanquished.

Grand Total: 288 creatures vanquished

Notes
Turn   | Place    | Note
-------+----------+-------------------------------------------
     0 | D:1      | soggyman666 the Hill Orc Fighter began the quest for the
                  | Orb.
     0 | D:1      | Reached XP level 1. HP: 19/19 MP: 1/1
   142 | D:1      | You fall into a shaft and drop 1 floor!
   271 | D:1      | Reached XP level 2. HP: 23/27 MP: 2/2
   423 | D:1      | Reached skill level 3 in Axes
   947 | D:2      | Found a faded altar of an unknown god.
   987 | D:2      | Reached XP level 3. HP: 26/33 MP: 3/3
  1696 | D:3      | Reached skill level 4 in Axes
  1696 | D:3      | Reached XP level 4. HP: 30/40 MP: 4/4
  1845 | D:3      | Found a runed translucent door.
  1846 | D:3      | Noticed Crazy Yiuf
  1942 | D:3      | Noticed Terence
  1954 | D:3      | Killed Terence
  1955 | D:3      | Reached XP level 5. HP: 46/46 MP: 5/5
  1960 | D:3      | Reached skill level 5 in Axes
  1989 | D:3      | Found an opulent altar of Gozag.
  2026 | D:3      | Noticed Jessica
  2038 | D:3      | Killed Jessica
  2102 | D:3      | Found a broken altar of Ashenzari.
  2126 | D:3      | Found a shadowy altar of Dithmenos.
  2127 | D:3      | Noticed Natasha
  2136 | D:3      | Killed Natasha
  2150 | D:3      | Noticed Natasha
  2159 | D:3      | Killed Natasha
  2160 | D:3      | Reached skill level 6 in Axes
  2245 | D:3      | Saw a vision of the Shoals and the Snake Pit.
  2245 | D:3      | Noticed a merfolk
  2245 | D:3      | Noticed a sea snake
  2245 | D:3      | Noticed a naga warrior
  2245 | D:3      | Noticed a black mamba
  2245 | D:3      | Noticed a merfolk
  2245 | D:3      | Noticed a naga
  2245 | D:3      | Noticed a merfolk siren
  2245 | D:3      | Noticed a naga
  2245 | D:3      | Noticed a wind drake
  2245 | D:3      | Noticed a naga mage
  2245 | D:3      | Noticed a merfolk
  2245 | D:3      | Noticed an anaconda
  2245 | D:3      | Noticed a naga sharpshooter
  2245 | D:3      | Noticed a black mamba
  2246 | D:3      | Noticed a merfolk
  2268 | D:3      | Became a worshipper of Ashenzari the Shackled
  2275 | D:3      | Noticed Natasha
  2279 | D:3      | Killed Natasha
  2280 | D:3      | Reached XP level 6. HP: 53/53 MP: 6/6
  2407 | D:3      | Killed Crazy Yiuf
  2589 | D:4      | Found a glowing drain.
  2601 | Sewer    | Entered a sewer
  2968 | Sewer    | HP: 1/53 [bullfrog (6)]
  2969 | Sewer    | Reached skill level 7 in Axes
  2978 | Sewer    | Reached XP level 7. HP: 6/60 MP: 7/7
  3281 | Sewer    | Reached skill level 1 in Dodging
  3845 | D:4      | Found a sparkling altar of Nemelex Xobeh.
  3984 | D:4      | Found a white marble altar of Elyvilon.
  4095 | D:4      | Reached skill level 8 in Axes
  4225 | D:4      | Reached skill level 5 in Fighting
  4258 | D:4      | Found a sacrificial altar of Ru.
  4430 | D:5      | Entered Level 5 of the Dungeon
  4495 | D:5      | Reached skill level 1 in Evocations
  4499 | D:5      | Reached XP level 8. HP: 32/68 MP: 8/8
  4508 | D:5      | Reached skill level 5 in Armour
  4880 | D:5      | Noticed a two-headed ogre
  4886 | D:5      | Killed a two-headed ogre
  4887 | D:5      | Reached skill level 10 in Axes
  4948 | D:5      | Found a shimmering altar of Xom.
  4953 | D:5      | Reached XP level 9. HP: 75/75 MP: 9/9
  5248 | D:5      | Reached skill level 5 in Shields
  5248 | D:5      | Reached * piety under Ashenzari
  5677 | D:5      | Found a hide-covered altar of Uskayaw.
  5681 | D:5      | Found a bloodstained altar of Trog.
  5992 | D:6      | Found a staircase to the Ecumenical Temple.
  6098 | D:6      | Reached ** piety under Ashenzari
  6317 | D:6      | Reached skill level 11 in Axes
  6447 | D:6      | Noticed Maggie
  6464 | D:6      | Killed Maggie
  6571 | D:6      | Found a blossoming altar of Fedhas.
  6572 | D:6      | Found an ancient bone altar of Kikubaaqudgha.
  7679 | D:7      | Reached XP level 10. HP: 90/90 MP: 10/10
  7713 | D:7      | Reached skill level 12 in Axes
  7713 | D:7      | Reached skill level 1 in Stealth
  8005 | D:7      | Noticed Menkaure
  8017 | D:7      | Killed Menkaure
  8286 | D:7      | Reached skill level 5 in Evocations
  8396 | D:7      | Noticed a kobold demonologist
  8399 | D:7      | Noticed a sun demon
  8438 | D:7      | Killed a kobold demonologist
  9311 | D:8      | Found Xuewned's Assorted Antiques.
  9314 | D:8      | Bought a glowing broad axe for 182 gold pieces
  9771 | D:8      | Reached *** piety under Ashenzari
  9816 | D:8      | Noticed a boulder beetle
  9829 | D:8      | Identified the +3 leather armour "Paysekis" {Rampage rC-
                  | Str+3}
  9879 | D:7      | Killed a boulder beetle
  9880 | D:7      | Reached skill level 13 in Axes
 10721 | D:8      | Reached XP level 11. HP: 94/102 MP: 11/11
 10767 | D:8      | Found a hazy altar of Hepliaklqana.
 11061 | D:8      | Found an ornate altar of the Wu Jian Council.
 11061 | D:8      | Found a snail-covered altar of Cheibriados.
 11192 | D:9      | Found Odeymed's Magic Scroll Boutique.
 11360 | D:9      | Noticed a wizard
 11362 | D:9      | Noticed a boulder beetle
 11364 | D:9      | Noticed a centaur warrior
 11365 | D:9      | Noticed a white ugly thing
 11366 | D:9      | Noticed a boulder beetle
 11508 | D:9      | Killed a boulder beetle
 11521 | D:9      | Killed a wizard
 11522 | D:9      | Reached skill level 14 in Axes
 11885 | D:9      | Killed a boulder beetle
 12137 | D:9      | Killed a centaur warrior
 12342 | D:9      | Noticed a two-headed ogre
 12739 | D:9      | Noticed a cyclops
 12745 | D:9      | Killed a cyclops
 12924 | D:9      | Noticed a deep elf pyromancer
 12924 | D:9      | Noticed a centaur warrior
 12924 | D:9      | Noticed an eight-headed hydra
 12947 | D:9      | Noticed a manticore
 12947 | D:9      | Noticed a centaur warrior
 13016 | D:9      | Found a staircase to the Orcish Mines.
 13035 | D:9      | Reached skill level 5 in Dodging
 13556 | D:9      | Killed a two-headed ogre
 13764 | D:9      | Killed an eight-headed hydra
 13765 | D:9      | Reached skill level 1 in Maces & Flails
 13800 | D:9      | Reached XP level 12. HP: 93/112 MP: 12/12
 13865 | D:9      | Killed a centaur warrior
 14078 | D:9      | Noticed a stone giant
 14091 | D:9      | Killed a stone giant
 14127 | D:9      | Killed a centaur warrior
 14233 | D:9      | Noticed a centaur warrior
 14254 | D:9      | Killed a centaur warrior
 14701 | D:9      | Noticed a great orb of eyes
 14717 | D:9      | Reached skill level 10 in Fighting
 14726 | D:9      | Slain by a white ugly thing

Illustrated notes

Levels and vault maps discovered:
D:1:      heliophobic_arrival_battle_scene, layout_basic
D:2:      layout_basic, basic_ecumenical_altar
D:3:      layout_basic, grunt_ashenzari_visionary
          [grunt_ashenzari_visionary_shoals, grunt_ashenzari_visionary_snake],
          mainiacjoe_overflow_paths, nicolae_dithmenos_through_a_glass_darkly,
          uniq_crazy_yiuf_cottage, uniq_jessica, uniq_terence, uniq_natasha
D:4:      layout_loops_ring, nicolae_ru_the_path_less_chosen, elyvilon_altar_1,
          mainiacjoe_overflow_catwalk, portal_sewer_entry_e
D:5:      layout_basic, minitemple, mainiacjoe_overflow_small_starburst,
          kennysheep_decorative_pillar
D:6:      layout_loops_corners, grunt_temple_overflow_growth_and_decay,
          minmay_temple_entry_offerings, roderic_batcave, uniq_maggie
D:7:      layout_loops_ring, minmay_misc_feat_chi, hangedman_decor_push,
          roderic_roman_lattice, minivault_22, uniq_menkaure
D:8:      layout_cave_pools, mainiacjoe_overflow_concentric_impassable,
          gammafunk_temple_overflow_wave, nicolae_stop_n_shop_1, nicolae_wwwww
D:9:      layout_loops_ring, david_orc_2, serial_shops, shop,
          kennysheep_another_room, nicolae_rejected_hall

Skill      XL: |  1  2  3  4  5  6  7  8  9 10 11 12 |
---------------+-------------------------------------+-----
Axes           | 3 4 6 7 8 10 11 13 14 | 14.5
Fighting       | 4 5 6 7 8 9 10 | 10.0
Armour         | 4 5 6 7 |  7.1
Shields        | 4 6 7 |  7.3
Dodging        | 1 2 3 4 5 |  5.6
Evocations     | 1 3 4 6 7 8 |  8.1
Stealth        | 2 3 4 |  4.2
Maces & Flails | 1 4 |  4.5
Throwing       | |  0.2

Action                   |  1- 3 |  4- 6 |  7- 9 | 10-12 || total
-------------------------+-------+-------+-------+-------++-------
Melee: War axe           |    80 |   158 |   279 |   455 ||   972
       Broad axe         |       |       |       |    41 ||    41
       Mace              |       |       |       |    90 ||    90
Throw: Dart              |       |       |       |     2 ||     2
Invok: Curse Item        |       |       |     3 |     2 ||     5
Evoke: Wand              |       |       |     4 |     9 ||    13
  Use: Scroll            |     5 |     3 |       |     7 ||    15
       Potion            |       |     2 |       |     2 ||     4
 Stab: Sleeping          |       |       |     1 |     3 ||     4
       Paralysed         |       |       |       |    19 ||    19
Armor: Scale mail        |    36 |     5 |       |       ||    41
       Ring mail         |       |    86 |    89 |       ||   175
       Steam dragon scal |       |       |    35 |   238 ||   273
Dodge: Dodged            |    47 |    92 |   164 |   333 ||   636
Block: Buckler           |    30 |    62 |    76 |   205 ||   373

Table legend: (Time is in decaauts)
 A = Elapsed time spent in this place.
 B = Non-inter-level travel time spent in this place.
 C = Inter-level travel time spent in this place.
 D = Time resting spent in this place.
 E = Time spent auto-exploring this place.
 F = Levels seen in this place.
 G = Mean time per level.
                   A        B        C        D        E       F      G
               +--------+--------+--------+--------+--------+-----+--------+
         Total |  14823 |  13690 |   1133 |   3520 |   6871 |  10 | 1482.3 |
       Dungeon |  13643 |  12510 |   1133 |   3253 |   6629 |   9 | 1515.9 |
         Sewer |   1180 |   1180 |      0 |    267 |    242 |   1 | 1180.0 |
               +--------+--------+--------+--------+--------+-----+--------+

Top non-repeatable levels by time:
     D:7: 2389 daAuts
     D:9: 2354 daAuts
     D:8: 2266 daAuts
     D:6: 1724 daAuts
     D:5: 1456 daAuts
   Sewer: 1180 daAuts
     D:3: 1086 daAuts
     D:4: 876 daAuts
     D:1: 866 daAuts
     D:2: 622 daAuts
